[Event "Chinese League Div-A Rapid 2022"]
[Site "Fuling,Chongqing"]
[Date "2022.09.16"]
[Round "9.2"]
[White "Xu, Yi"]
[Black "Wang, Hao B"]
[Result "1/2-1/2"]
[ECO "B90"]
[WhiteElo "2507"]
[BlackElo "2165"]
[Annotator "TA"]
[PlyCount "162"]
[EventDate "2022.09.07"]
[EventType "team-tourn"]
[EventCountry "CHN"]
[SourceTitle "playchess.com"]
[Source "ChessBase"]
[SourceQuality "1"]
[TimeControl "1500+10"]

1. e4 c5 2. Nf3 d6 3. d4 cxd4 4. Nxd4 Nf6 5. Nc3 a6 6. h3 Nc6 7. g4 {[%emt 0:00:06] B90: Sicilian Najdorf: Unusual White 6th moves, 6 Be3 Ng4 and 6 Be3 e5.} e5 8. Nde2 Be7 9. Bg2 {[%emt 0:00:09] White is slightly better.} O-O 10. Be3 Be6 11. Ng3 {[%emt 0:00:36] [#]} Re8 $146 ({Predecessor:} 11... Ne8 12. Qd2 h6 13. Nd5 Bg5 14. Nf5 Bxd5 15. Bxg5 Qxg5 16. Qxg5 hxg5 17. exd5 Na7 {0-1 (37) Osmanodja,F (2326)-Petriashvili,N (2465) Skopje 2019}) 12. Nd5 Bxd5 (12... Nd7 $14) 13. exd5 $16 Nb8 14. Qd2 {[%emt 0:00:49] Prevents Qa5.} Qc7 (14... Nbd7 $2 15. g5) 15. O-O-O a5 (15... Nfd7 $16 {is a better defense.}) 16. Kb1 $18 Na6 17. g5 Nd7 18. h4 Nb6 19. Qxa5 (19. b3 $18) 19... Nc5 20. Qb5 Nbd7 (20... Nba4 $16 {might work better.} 21. f4 Nd7 22. fxe5 Nxe5) 21. Bxc5 (21. Bd2 $18 {is more deadly.}) 21... Nxc5 $16 22. Ne4 Rec8 23. Nxc5 {[%emt 0:00:31] White is more active.} (23. a3 {looks sharper.} Nxe4 24. Bxe4 Qc4 25. Qxc4 Rxc4 26. f3) 23... Qxc5 24. Qxc5 Rxc5 25. Be4 Ra4 26. f3 b5 27. a3 Bd8 28. c3 Rc8 29. Kc2 g6 30. Ra1 Kg7 (30... Rd4 $142) 31. Bd3 Rb8 32. b4 $1 Ra7 33. Kb3 Rc7 34. a4 (34. Ra2 $18) 34... Rbc8 35. Rhc1 (35. Bxb5 $6 Rxc3+ 36. Ka2 Rc2+ 37. Kb1 R2c3 $11) 35... bxa4+ 36. Rxa4 h6 {[%emt 0:00:01] [#]} 37. Ba6 ({White should play} 37. gxh6+ $1 $18 Kxh6 38. Ra6) 37... Ra8 38. Rg1 Rca7 39. Bb5 Rxa4 40. Bxa4 hxg5 41. hxg5 {[%emt 0:00:02][%mdl 4096] Endgame KRB-KRB} ({Don't play} 41. Bc6 Bb6 42. Bxa8 (42. Rxg5 Rh8 $14) 42... Bxg1 43. hxg5 Be3) 41... Bb6 42. Rg2 ({Better is} 42. Re1 $16) 42... Rh8 43. Kc4 Be3 44. Kd3 Bf4 45. b5 (45. Bd7 $142) 45... Rb8 46. c4 Kf8 47. c5 dxc5 48. Kc4 Be3 $2 (48... Ra8 $16) 49. d6 $18 Rb6 50. Kd5 Ke8 $2 (50... c4 51. Rc2 (51. Kxe5 c3 $16) 51... Bf4 52. Rxc4 e4 53. Rc8+ (53. Rxe4 Bxd6 54. Rc4 Bg3 $16) (53. fxe4 Rxd6+ 54. Kc5 Re6 $14) 53... Kg7) 51. f4 $2 (51. Re2 $18 Bg1 52. f4) 51... exf4 $11 52. Bd1 c4 53. Rb2 c3 54. Rb4 c2 55. Re4+ (55. Bxc2 $11 Kd7 56. Rb3) 55... Kd8 56. Bxc2 {[%emt 0:00:05] Black must now prevent Bd3.} Rxb5+ 57. Kc4 Rc5+ (57... Rxg5 $2 58. Ba4 Rc5+ 59. Kb4 $18) 58. Kd3 Rd5+ 59. Kc4 Rxd6 60. Ba4 {[%emt 0:00:02] Prevents Rc6+.} Ra6 61. Kd3 Rd6+ (61... Kc7 $17 62. Bb3 Ra3) 62. Kc4 $1 $15 f6 63. gxf6 Rxf6 {[%emt 0:00:02][%cal Of4f3] Threatens to win with ...f3!} 64. Kd3 (64. Kd5 $15) 64... g5 (64... Rd6+ $19 {has better winning chances.} 65. Kc4 g5 66. Re8+ Kc7 67. Re7+ Kb6) 65. Re8+ $17 Kc7 66. Rg8 Rf5 67. Ke4 {[%emt 0:00:13] Inhibits Re5+.} Rc5 {[%emt 0:00:03] aiming for ...Rc4+.} 68. Bd1 Bf2 69. Bg4 {[%emt 0:00:04] [#]} Ra5 $1 70. Rg7+ Kd6 71. Rd7+ Kc6 72. Rd2 Bh4 73. Rd3 Bf2 74. Rd2 $1 Bc5 75. Rd3 Bd6 76. Rc3+ Kb6 77. Rd3 Re5+ 78. Kf3 Bc5 79. Bh5 Re1 80. Kg4 Be3 (80... Be7 $17 81. Kf5 Rh1) 81. Kf5 $11 Kc5 {[%emt 0:00:14] White really could win this.  Weighted Error Value: White=0.33/Black=0.31} 1/2-1/2

[Event "Chinese League Div-A Rapid 2022"]
[Site "Fuling,Chongqing"]
[Date "2022.09.16"]
[Round "9.3"]
[White "Lou, Yiping"]
[Black "Ma, Zhonghan"]
[Result "1/2-1/2"]
[ECO "A11"]
[WhiteElo "2485"]
[BlackElo "2485"]
[Annotator "TA"]
[PlyCount "65"]
[EventDate "2022.09.07"]
[EventType "team-tourn"]
[EventCountry "CHN"]
[SourceTitle "playchess.com"]
[Source "ChessBase"]
[SourceQuality "1"]
[TimeControl "1500+10"]

1. Nf3 Nf6 2. g3 d5 3. Bg2 c6 4. O-O Bf5 5. c4 e6 6. Qb3 Qb6 7. d3 {[%emt 0:00:18] A11: English Opening: 1...c6.} Nbd7 8. cxd5 exd5 9. Qc2 Qc5 10. Qd1 Be7 11. Nc3 {[%emt 0:00:49] [#]} O-O $146 ({Predecessor:} 11... Rd8 12. Be3 Qa5 13. a3 a6 14. b4 Qc7 15. Bf4 Bd6 16. Bxd6 Qxd6 17. e4 Bg4 18. exd5 Nxd5 {½-½ (37) Tomashevsky,E (2710)-Vallejo Pons,F (2717) Tbilisi 2017}) 12. e4 dxe4 13. dxe4 Bg4 14. h3 Bxf3 15. Qxf3 Rad8 16. Qe2 Ne5 17. Be3 Qc4 18. Rad1 Qxe2 19. Nxe2 Nc4 20. Bd4 c5 21. Bc3 b5 22. e5 {[%emt 0:03:41] [#] And now b3 would win.} Nd7 23. Bc6 {[%emt 0:01:01] This bishop pair is nice.} b4 {[%emt 0:01:10] The position is equal.} 24. Bxd7 {[%emt 0:00:36] Strongly threatening Bb5.} bxc3 25. Nxc3 Nxb2 26. Rd5 Nc4 27. Bb5 Nb6 28. Rxd8 Rxd8 29. a4 c4 30. a5 Nd5 31. Nxd5 Rxd5 32. Bxc4 Rxa5 33. Rb1 {[%emt 0:01:43] Weighted Error Value: White=0.05 (flawless) /Black=0.04 (flawless)} 1/2-1/2

[Event "Chinese League Div-A Rapid 2022"]
[Site "Fuling,Chongqing"]
[Date "2022.09.16"]
[Round "9.4"]
[White "Shao, Qiyu"]
[Black "Ju, Wenjun"]
[Result "0-1"]
[ECO "A21"]
[WhiteElo "1467"]
[BlackElo "2560"]
[Annotator "ChessBase"]
[PlyCount "70"]
[EventDate "2022.09.07"]
[EventType "team-tourn"]
[EventCountry "CHN"]
[SourceTitle "playchess.com"]
[Source "ChessBase"]
[SourceQuality "1"]
[TimeControl "1500+10"]

1. c4 e5 2. Nc3 Bb4 3. g3 Bxc3 4. bxc3 d6 5. Bg2 Nc6 6. e4 Nge7 7. Ne2 f5 8. d3 O-O 9. O-O fxe4 10. dxe4 Be6 11. Qa4 b6 12. f4 Na5 13. c5 dxc5 14. f5 Bc4 15. Rf2 Nec6 16. h4 b5 17. Qc2 Qd3 18. Qxd3 Bxd3 19. Be3 Nb7 20. Nc1 Bc4 21. Nb3 Bxb3 22. axb3 Nca5 23. Rb2 c4 24. b4 Nb3 25. Rxa7 Rxa7 26. Bxa7 Rd8 27. Kh2 h5 28. Rf2 c5 29. Bb6 Rd3 30. bxc5 N7xc5 31. Rf3 Rd2 32. Re3 Nd3 33. Bc7 b4 34. cxb4 c3 35. Bxe5 c2 0-1

[Event "Chinese League Div-A Rapid 2022"]
[Site "Fuling,Chongqing"]
[Date "2022.09.16"]
[Round "9.5"]
[White "Sun, Fanghui"]
[Black "Ning, Kaiyu"]
[Result "1-0"]
[ECO "B94"]
[WhiteElo "2182"]
[BlackElo "2374"]
[Annotator "TA"]
[PlyCount "61"]
[EventDate "2022.09.07"]
[EventType "team-tourn"]
[EventCountry "CHN"]
[SourceTitle "playchess.com"]
[Source "ChessBase"]
[SourceQuality "1"]
[TimeControl "1500+10"]

1. e4 c5 2. Nf3 d6 3. d4 cxd4 4. Nxd4 Nf6 5. Nc3 a6 6. Bg5 Nbd7 7. Bc4 Qb6 {[%emt 0:00:02] B94: Sicilian Najdorf: 6 Bg5 Nbd7.} 8. Bb3 e6 9. Qd2 Be7 {[%emt 0:00:02] The position is equal.} 10. O-O-O Nc5 11. f3 {[%emt 0:00:09] 11.Rhe1 is more advanced technology.} Qc7 12. g4 b5 {[%emt 0:00:07] Black wants to play ...b4.} 13. a3 Bd7 14. Kb1 Qb7 15. Qe2 {[%emt 0:01:10] [#]} b4 $146 (15... O-O $15) ({Predecessor:} 15... O-O 16. e5 dxe5 17. Qxe5 Nxb3 18. Nxb3 Be8 19. Rhg1 Nd7 {½-½ (19) Fischer,W (2445)-Dimitrov,M (2421) ICCF email 2017}) 16. axb4 $11 Qxb4 {[%emt 0:00:02] [#]} 17. e5 (17. Nf5 $1 $11 exf5 18. exf5) 17... dxe5 $15 18. Qxe5 {[%emt 0:00:02][%cal Od4f5] And now Nf5! would win.} a5 $2 {[%emt 0:00:19][%mdl 8192] [#] Loses the game.} (18... Nxb3 $15 {stays ahead.} 19. Nxb3 Bc6) 19. Nf5 $1 $18 exf5 20. Nd5 Nxd5 21. Qxd5 Bxg5 (21... O-O $142 22. Bxe7 Be6 23. Qxc5 Qxc5 24. Bxc5 Rfe8) 22. Qxa8+ Ke7 23. Rhe1+ Kf6 24. Qxh8 {[%emt 0:01:43] Intending Qd8+ and mate.} Kg6 {[%emt 0:01:01] [#]} 25. h4 (25. Bxf7+ $142 $1 Kh6 26. Rd6+ Ne6 27. Rdxe6+ Bf6 28. Rxf6+ Kg5 29. Qxg7+ Kf4 30. Qh6+ Kxf3 31. Qe3+ Kxg4 32. Qg3#) 25... Nxb3 26. hxg5 {[%emt 0:01:07] Threatening mate with Rh1.} ({Weaker is} 26. gxf5+ Bxf5 27. Rg1 (27. hxg5 Nd2+ 28. Rxd2 Qxd2 $14) 27... Qxh4 $16) 26... Nd2+ {[%emt 0:02:28] [#]} 27. Rxd2 $1 Qxd2 28. Rh1 Qxg5 29. Rxh7 Kf6 30. Qd8+ Kg6 {[%emt 0:00:02] [#]} 31. Rxg7+ $3 {[%emt 0:00:02][%mdl 512] Weighted Error Value: White=0.12 (very precise) /Black=1.02} 1-0

[Event "Chinese League Div-A Rapid 2022"]
[Site "Fuling,Chongqing"]
[Date "2022.09.16"]
[Round "9.6"]
[White "Zhang, Di"]
[Black "Liu, Yan"]
[Result "1-0"]
[ECO "B20"]
[WhiteElo "2108"]
[BlackElo "2530"]
[Annotator "ChessBase"]
[PlyCount "205"]
[EventDate "2022.09.07"]
[EventType "team-tourn"]
[EventCountry "CHN"]
[SourceTitle "playchess.com"]
[Source "ChessBase"]
[SourceQuality "1"]
[TimeControl "1500+10"]

1. e4 c5 2. g3 Nc6 3. Bg2 g6 4. c3 Bg7 5. Ne2 e5 6. d3 Nge7 7. Be3 d6 8. O-O O-O 9. f4 exf4 10. Nxf4 b5 11. a3 a5 12. Nd2 Ba6 13. Nf3 b4 14. axb4 axb4 15. Ne2 Bb7 16. Rb1 h6 17. d4 cxd4 18. cxd4 Na5 19. d5 Nc4 20. Bd4 Bxd4+ 21. Qxd4 Qb6 22. Rfc1 Qxd4+ 23. Nexd4 Rfc8 24. Bh3 Rc5 25. Nb3 Rc7 26. Rc2 f5 27. Rbc1 fxe4 28. Be6+ Kh8 29. Nfd4 Bxd5 30. Bxd5 Nxd5 31. Rxc4 Rxc4 32. Rxc4 Ra2 33. Rc2 Ne3 34. Re2 Nc4 35. Rxe4 Rxb2 36. Re7 Nd2 37. Re3 Nc4 38. Re8+ Kg7 39. Rb8 Ne3 40. Re8 Rb1+ 41. Kf2 Ng4+ 42. Kg2 Ne5 43. Re7+ Kf8 44. Rb7 Rb2+ 45. Kg1 Rb1+ 46. Kf2 Rb2+ 47. Ke3 Rxh2 48. Rxb4 h5 49. Rb7 h4 50. gxh4 Rxh4 51. Ne6+ Kg8 52. Nbd4 Nc4+ 53. Kf2 Ne5 54. Kg3 Rg4+ 55. Kf2 Rh4 56. Ne2 Nd3+ 57. Kf3 Nc5 58. Rb8+ Kf7 59. N6f4 g5 60. Ng2 Ra4 61. Ng3 Ke6 62. Re8+ Kf7 63. Rc8 Ke6 64. Ne3 Rf4+ 65. Ke2 Ra4 66. Rg8 Ne4 67. Re8+ Kd7 68. Rxe4 Rxe4 69. Nxe4 d5 70. Nf6+ Ke6 71. Neg4 Kf5 72. Ke3 d4+ 73. Kxd4 Kf4 74. Kd5 Kf5 75. Kd6 Kf4 76. Ke6 Kf3 77. Kf5 Ke2 78. Ke4 Kd2 79. Nd5 Kc2 80. Ke3 Kb3 81. Kd3 Ka4 82. Kc4 Ka5 83. Nc3 Ka6 84. Kd5 Kb6 85. Kd6 Kb7 86. Nd5 Ka6 87. Kc5 Ka5 88. Nb6 Ka6 89. Nc4 Kb7 90. Kd6 Kc8 91. Kc6 Kd8 92. Kd6 Kc8 93. Na5 Kd8 94. Nb7+ Kc8 95. Kc6 Kb8 96. Nd6 Ka8 97. Kb5 Ka7 98. Ka5 Ka8 99. Ka6 Kb8 100. Kb6 Ka8 101. Ne5 g4 102. Nc6 g3 103. Nb5 1-0

[Event "Chinese League Div-A Rapid 2022"]
[Site "Fuling,Chongqing"]
[Date "2022.09.16"]
[Round "9.7"]
[White "Li, Chao b"]
[Black "Bu, Xiangzhi"]
[Result "1/2-1/2"]
[ECO "C67"]
[WhiteElo "2679"]
[BlackElo "2709"]
[Annotator "ChessBase"]
[PlyCount "41"]
[EventDate "2022.09.07"]
[EventType "team-tourn"]
[EventCountry "CHN"]
[SourceTitle "playchess.com"]
[Source "ChessBase"]
[SourceQuality "1"]
[TimeControl "1500+10"]

1. e4 e5 2. Nf3 Nc6 3. Bb5 Nf6 4. O-O Nxe4 5. d4 Nd6 6. Bxc6 dxc6 7. dxe5 Nf5 8. Qxd8+ Kxd8 9. h3 Ke8 10. Nc3 h5 11. Rd1 Be7 12. Ne2 Nh4 13. Nxh4 Bxh4 14. Be3 Be7 15. Rd2 Bf5 16. Nd4 Bd7 17. Rad1 Rd8 18. Ne2 Bf5 19. Nd4 Bd7 20. Ne2 Bf5 21. Nd4 1/2-1/2

[Event "Chinese League Div-A Rapid 2022"]
[Site "Fuling,Chongqing"]
[Date "2022.09.16"]
[Round "9.8"]
[White "Li, Haoyu"]
[Black "Zeng, Chongsheng"]
[Result "0-1"]
[ECO "B22"]
[WhiteElo "2369"]
[BlackElo "2597"]
[Annotator "ChessBase"]
[PlyCount "128"]
[EventDate "2022.09.07"]
[EventType "team-tourn"]
[EventCountry "CHN"]
[SourceTitle "playchess.com"]
[Source "ChessBase"]
[SourceQuality "1"]
[TimeControl "1500+10"]

1. e4 c5 2. Nf3 Nc6 3. c3 Nf6 4. e5 Nd5 5. d4 cxd4 6. cxd4 d6 7. Bc4 Nb6 8. Bb5 Bd7 9. Nc3 dxe5 10. dxe5 g6 11. O-O Bg7 12. Re1 O-O 13. Bg5 Re8 14. h3 a6 15. Bxc6 Bxc6 16. Nd4 Bd5 17. Nxd5 Qxd5 18. Nb3 Rac8 19. Qe2 Nc4 20. f4 b5 21. Rad1 Qb7 22. Bh4 Bh6 23. Qf2 Bg7 24. Nc5 Qb6 25. Nd3 e6 26. b3 Qxf2+ 27. Bxf2 Na3 28. Nc5 Nc2 29. Re4 Bf8 30. Nd7 Be7 31. a4 Kg7 32. axb5 axb5 33. Nf6 Red8 34. Rc1 Rd3 35. Kh2 Rxb3 36. Re2 Rbc3 37. Rd2 Bxf6 38. exf6+ Kxf6 39. Rd7 Kg7 40. Rb7 b4 41. Rxb4 Nxb4 42. Rxc3 Rxc3 43. Bd4+ f6 44. Bxc3 Nd5 45. Bd2 Kf7 46. Kg3 Ke7 47. Kf3 Kd6 48. Bc1 Kc5 49. Bb2 Kc4 50. Ba1 Kd3 51. g4 f5 52. Be5 Ne7 53. Bc7 Nc6 54. Kg3 Ke4 55. gxf5 exf5 56. Kh4 Nd4 57. Bd6 Ne6 58. Kg3 Kd5 59. Bb8 Ke4 60. Bd6 h6 61. Bb8 Ng7 62. Bd6 Nh5+ 63. Kh4 Nxf4 64. Bxf4 g5+ 0-1

[Event "Chinese League Div-A Rapid 2022"]
[Site "Fuling,Chongqing"]
[Date "2022.09.16"]
[Round "9.9"]
[White "Huang, Qian"]
[Black "Li, Ruofan"]
[Result "1-0"]
[ECO "A13"]
[WhiteElo "2433"]
[BlackElo "2302"]
[Annotator "TA"]
[PlyCount "105"]
[EventDate "2022.09.07"]
[EventType "team-tourn"]
[EventCountry "CHN"]
[SourceTitle "playchess.com"]
[Source "ChessBase"]
[SourceQuality "1"]
[TimeControl "1500+10"]

1. c4 e6 2. g3 d5 3. Bg2 Nf6 4. Nf3 dxc4 5. Qa4+ c6 6. Qxc4 b5 7. Qc2 Bb7 8. a4 {[%emt 0:01:15] A13: English Opening: 1...e6.} a6 9. O-O c5 10. axb5 {[%emt 0:03:51] The position is equal.} axb5 11. Rxa8 Bxa8 {[%emt 0:00:01] [#]} 12. Qb3 $146 ({Predecessor:} 12. Na3 Bc6 13. d3 Be7 14. Qb3 b4 15. Nc4 O-O 16. e4 Bb5 17. Be3 Nc6 18. Rc1 {0-1 (42) Bauer,C (2639)-Alavi Moghaddam,S (2445) Europe Echecs INT 2021}) 12... b4 13. d4 Nbd7 14. Bg5 Nb6 {[%emt 0:11:13] Against Qa4+} 15. Nbd2 cxd4 16. Qd3 Be7 $1 17. Qb5+ Nbd7 18. Bxf6 gxf6 (18... Bxf6 $11 {remains equal.} 19. Ra1 Bxf3 20. Nxf3 O-O) 19. Ra1 O-O {[%emt 0:01:12] [#]} (19... d3 $14) 20. Rxa8 $1 $16 {[%emt 0:00:29][%mdl 576] Deflection. White has more active pieces.} Qxa8 21. Qxd7 Bc5 22. Nb3 $36 {[%emt 0:00:56][%cal Bd2b3,Bb3d4,Bd4c6][%mdl 2080] White is in control.} Bb6 23. Nfxd4 Qa2 24. Be4 Bxd4 (24... f5 {was necessary.}) 25. Nxd4 $18 (25. Qxd4 Qxb3 26. Qxf6 Rc8 $11) 25... Qxb2 $2 {[%emt 0:00:01] [#]} (25... f5 {was called for.}) 26. e3 $2 (26. Nxe6 $1 $18 Qxe2 27. Bf5 (27. Nxf8 Qe1+ 28. Kg2 Qxe4+ 29. f3 Qe2+ 30. Kg1 Kxf8 $15) (27. Bxh7+ Kxh7 28. Nxf8+ Kg7 $16)) 26... Qc1+ (26... f5 $16) 27. Kg2 Qc4 28. Qb7 (28. Qe7 $18 Kg7 29. Bf3) 28... f5 $16 29. Bf3 Kg7 (29... Qc5 $16 30. Qd7 (30. Nc6 Qd6 $16) 30... Rb8) 30. Nc6 Qc5 31. Nxb4 Rd8 32. Bh5 Qf8 (32... Rf8 {keeps fighting.} 33. Bf3 Rd8) 33. Nc6 $18 Rd2 34. Ne5 Kh6 35. Qxf7 Qxf7 36. Bxf7 Rd6 37. Be8 {[%emt 0:00:17] aiming for Nf7+.} Kg7 38. h4 Kf6 39. f4 Ra6 40. Kf3 Ra3 41. Bb5 {[%emt 0:00:00] g4 is the strong threat.} Rb3 (41... Ra1 $142 42. Nc6 h5) 42. Bc4 Rc3 43. g4 fxg4+ 44. Nxg4+ Ke7 45. Ne5 Kf6 46. Bd3 h6 47. h5 Ra3 48. Bg6 Ra4 49. Bd3 $2 ({White should try} 49. e4 $18 Kg7 50. Nf7) 49... Rb4 $2 (49... Ra3 $11 50. Ng4+ Kf7) 50. Bc4 {[%emt 0:00:12] White is clearly winning.} Ra4 51. Ng4+ Ke7 52. Bd3 Ra5 53. Bg6 {[%emt 0:00:02] Weighted Error Value: White=0.38/Black=0.53} 1-0

[Event "Chinese League Div-A Rapid 2022"]
[Site "Fuling,Chongqing"]
[Date "2022.09.16"]
[Round "9.10"]
[White "Wang, Chuqiao"]
[Black "Wang, Yu A."]
[Result "1/2-1/2"]
[ECO "D53"]
[WhiteElo "2037"]
[BlackElo "2271"]
[Annotator "TA"]
[PlyCount "59"]
[EventDate "2022.09.07"]
[EventType "team-tourn"]
[EventCountry "CHN"]
[SourceTitle "playchess.com"]
[Source "ChessBase"]
[SourceQuality "1"]
[TimeControl "1500+10"]

1. d4 d5 2. c4 c6 3. Nc3 Nf6 4. Nf3 e6 5. Bg5 h6 6. Bh4 Be7 7. e3 Nbd7 8. Qc2 Nh5 {[%emt 0:04:14] D53: Queen's Gambit Declined: 4 Bg5 Be7: Early deviations.} 9. Bxe7 Qxe7 10. cxd5 exd5 {[%emt 0:00:15] The position is equal.} 11. Be2 O-O 12. O-O Nhf6 {[%emt 0:00:16] [#]} 13. Nd2 $146 ({Predecessor:} 13. Rab1 a5 14. a3 Re8 15. b4 axb4 16. axb4 b5 17. Bd3 Bb7 18. Nd2 Nb6 19. Nb3 {½-½ (55) Gonzalez Perez,A (2429)-Van den Bosch,A (2028) Badalona 2022}) 13... b6 14. Bf3 Bb7 15. Rfd1 Rfe8 16. a3 Rac8 17. Rac1 c5 18. Qd3 ({White should try} 18. Qf5 $14) 18... c4 (18... Ne4 $11) 19. Qe2 ({Better is} 19. Qf5 $16) 19... a6 20. Re1 b5 21. e4 dxe4 22. Ndxe4 Nxe4 23. Bxe4 Nf6 24. Bh7+ Kf8 25. Bf5 Qxe2 (25... Qd6 {looks sharper.} 26. Qd2 Rcd8 27. Rxe8+ Rxe8 28. Rd1 a5) 26. Rxe2 Rxe2 27. Bxc8 Re7 28. Bxb7 Rxb7 29. f3 Ke7 30. Ne4 {[%emt 0:02:02] Weighted Error Value: White=0.18 (very precise) /Black=0.12 (very precise)} 1/2-1/2

[Event "Chinese League Div-A Rapid 2022"]
[Site "Fuling,Chongqing"]
[Date "2022.09.16"]
[Round "9.11"]
[White "Xue, Haowen"]
[Black "Bai, Jinshi"]
[Result "1-0"]
[ECO "C42"]
[WhiteElo "2128"]
[BlackElo "2586"]
[Annotator "ChessBase"]
[PlyCount "81"]
[EventDate "2022.09.07"]
[EventType "team-tourn"]
[EventCountry "CHN"]
[SourceTitle "playchess.com"]
[Source "ChessBase"]
[SourceQuality "1"]
[TimeControl "1500+10"]

1. e4 e5 2. Nf3 Nf6 3. Nxe5 d6 4. Nf3 Nxe4 5. d4 d5 6. Bd3 Bd6 7. O-O O-O 8. c4 c6 9. Nc3 Nxc3 10. bxc3 dxc4 11. Bxc4 Bf5 12. Bg5 Qa5 13. Nh4 Be6 14. Bxe6 Qxg5 15. Nf3 Qa5 16. Qb3 Qc7 17. Bc4 Nd7 18. a4 Rae8 19. a5 Nf6 20. g3 Re7 21. Rfe1 Rfe8 22. Rxe7 Rxe7 23. Kg2 g6 24. Ng5 Nd5 25. Bxd5 cxd5 26. Qxd5 Kg7 27. Ne4 Rd7 28. Qb5 Be7 29. Rb1 a6 30. Qa4 Rd5 31. Rb6 f5 32. Nd2 Rb5 33. Rxb5 Qc6+ 34. d5 Qxb5 35. Qxb5 axb5 36. Nb3 Bf6 37. Nc5 Bxc3 38. Nxb7 Kf6 39. d6 Ke6 40. Nc5+ Kxd6 41. a6 1-0

[Event "Chinese League Div-A Rapid 2022"]
[Site "Fuling,Chongqing"]
[Date "2022.09.16"]
[Round "9.13"]
[White "Xu, Yinglun"]
[Black "Ma, Qun"]
[Result "1/2-1/2"]
[ECO "D12"]
[WhiteElo "2549"]
[BlackElo "2666"]
[Annotator "ChessBase"]
[PlyCount "82"]
[EventDate "2022.09.07"]
[EventType "team-tourn"]
[EventCountry "CHN"]
[SourceTitle "playchess.com"]
[Source "ChessBase"]
[SourceQuality "1"]
[TimeControl "1500+10"]

1. c4 c6 2. d4 d5 3. Nf3 Nf6 4. e3 Bf5 5. Nc3 e6 6. Nh4 Be4 7. f3 Bg6 8. Bd2 Be7 9. cxd5 cxd5 10. Nxg6 hxg6 11. Qb3 O-O 12. Rc1 Nbd7 13. Bd3 Rb8 14. a4 a6 15. O-O Bd6 16. g3 Qe7 17. Kg2 Rfd8 18. Rc2 Re8 19. Rfc1 Nf8 20. Ne2 e5 21. dxe5 Qxe5 22. a5 Ne6 23. Qa4 Qh5 24. Nf4 Bxf4 25. exf4 d4 26. Re1 Nc5 27. Rxe8+ Rxe8 28. Qxd4 Nb3 29. Qc3 Nxd2 30. Qxd2 Rd8 31. Qc3 Nd5 32. Qd2 Nf6 33. Qc3 Nd5 34. Qd2 Nf6 35. Qc3 Nd5 36. Qd2 Nf6 37. Qc3 Nd5 38. Qd2 Nf6 39. Qc3 Nd5 40. Qd2 Nf6 41. Qc3 Nd5 1/2-1/2

[Event "Chinese League Div-A Rapid 2022"]
[Site "Fuling,Chongqing"]
[Date "2022.09.16"]
[Round "9.14"]
[White "Yan, Tianqi"]
[Black "Li, Xueyi"]
[Result "1-0"]
[ECO "B15"]
[WhiteElo "2188"]
[BlackElo "2280"]
[Annotator "TA"]
[PlyCount "67"]
[EventDate "2022.09.07"]
[EventType "team-tourn"]
[EventCountry "CHN"]
[SourceTitle "playchess.com"]
[Source "ChessBase"]
[SourceQuality "1"]
[TimeControl "1500+10"]

1. e4 {[%emt 0:00:02] Curtacci} c6 2. d4 d5 3. Nc3 dxe4 4. Nxe4 Nf6 5. Nxf6+ exf6 6. c3 Bd6 7. Bd3 O-O 8. Qc2 Re8+ 9. Ne2 h6 10. O-O Nd7 {[%emt 0:00:08] is now more promising than 10...Qc7. B15: Caro-Kann: 3 Nc3: 3...g6 and 3...dxe4 4 Nxe4 Nf6 5 Nxf6+ exf6.} 11. Bd2 Nf8 12. Rae1 a5 {[%emt 0:01:31] The position is equal.} 13. h3 {[%emt 0:01:57] [#]} a4 $146 ({Predecessor:} 13... Bd7 14. Kh1 Qc7 15. Ng1 Rxe1 16. Rxe1 Re8 17. Rxe8 Bxe8 18. c4 Bd7 19. c5 Bf4 20. Bc3 Qd8 21. Qe2 Be6 22. b3 Bd5 23. Qg4 Bc7 24. Be4 {½-½ (24) Osis,A-Spitzbarth,F ICCF corr 1991 Corr Nr. 1 [Curtacci]}) 14. c4 Be6 15. f4 Bd7 16. c5 Bc7 17. f5 $1 {[%emt 0:00:12] Prevents Be6.} b6 18. Bc4 b5 (18... bxc5 $11 {keeps the balance.} 19. dxc5 Bc8) 19. Bd3 $16 {[%emt 0:00:04] White stays focused until the end.} Bc8 20. Bf4 Bxf4 21. Rxf4 Qd5 22. Be4 Qd7 23. Qd3 b4 {[%emt 0:00:36] [#]} (23... Ba6 $16 {might work better.}) 24. Qf3 $1 $18 Bb7 25. Rg4 Nh7 {[%emt 0:00:39] [#]} 26. h4 {[%emt 0:00:03] Inhibits Ng5.} Kh8 27. Rd1 Qe7 (27... a3 {is a better defense.}) 28. Ng3 Rac8 29. Nh5 Rg8 30. Qg3 Qf8 31. Bc2 Ba6 32. Re1 {[%emt 0:00:11] Prevents Be2.} ({Not} 32. Bxa4 Be2 $11) 32... Re8 $2 (32... Bb5 33. b3 a3) 33. Rxe8 Qxe8 34. Rxg7 {[%emt 0:00:06] Weighted Error Value: White=0.08 (flawless) /Black=0.27 (precise)} 1-0

[Event "Chinese League Div-A Rapid 2022"]
[Site "Fuling,Chongqing"]
[Date "2022.09.16"]
[Round "9.15"]
[White "Zhai, Mo"]
[Black "Song, Yuxin"]
[Result "1/2-1/2"]
[ECO "E39"]
[WhiteElo "2374"]
[BlackElo "2317"]
[Annotator "TA"]
[PlyCount "97"]
[EventDate "2022.09.07"]
[EventType "team-tourn"]
[EventCountry "CHN"]
[SourceTitle "playchess.com"]
[Source "ChessBase"]
[SourceQuality "1"]
[TimeControl "1500+10"]

1. d4 Nf6 2. c4 e6 3. Nc3 Bb4 4. Qc2 O-O 5. Nf3 c5 6. dxc5 Na6 7. g3 Nxc5 8. Bg2 Nce4 9. O-O Nxc3 10. bxc3 Be7 11. e4 d6 12. e5 dxe5 13. Nxe5 Qc7 14. Qe2 (14. Re1 {looks sharper.} Nd7 15. Bf4 Nxe5 16. Bxe5 Qxc4 17. Rad1) 14... Nd7 {[%emt 0:00:01] is the new trend. E39: Nimzo-Indian: Classical: 4...c5 5 dxc5 0-0.} 15. Bf4 {[%emt 0:01:05][%cal Oe5g6] Strongly threatening Ng6!} Nxe5 16. Bxe5 Bd6 17. Bxd6 Qxd6 18. Rab1 Rb8 19. Rfd1 Qc7 20. Qd3 b6 21. Qd6 Qxd6 22. Rxd6 {[%emt 0:00:05] [#]} Ba6 $146 ({Predecessor:} 22... Bb7 23. Rd7 Bxg2 24. Kxg2 Ra8 25. Rbd1 Rfc8 26. R1d4 g5 27. h4 Rc5 28. hxg5 Rxg5 {1-0 (47) Korobov,A (2683)-Georgiev,K (2594) Krasnaya Polyana 2021}) 23. c5 {[%emt 0:00:23] Black must now prevent Rbd1.} Rfd8 24. Rbd1 Rxd6 25. Rxd6 $11 {[%emt 0:00:33][%mdl 4096] Endgame KRB-KRB} Kf8 26. c6 {[%emt 0:02:07] Hoping for Rd7.} Rc8 27. Rd7 {[%emt 0:02:17] And now a4 would win.} Bb5 28. Rxa7 Bxc6 29. Bxc6 Rxc6 {[%emt 0:00:02] KR-KR} 30. Rb7 Rxc3 31. Rxb6 Ra3 32. Rb2 g5 33. Kf1 g4 (33... Ke7 $15) 34. Ke2 h5 35. Kd1 f5 36. Kc1 Ke7 37. Rd2 h4 38. Kb2 hxg3 39. hxg3 Ra8 40. Rd4 e5 41. Rb4 Kf6 42. a4 Kg5 43. Kb3 f4 44. Kc3 Kf5 45. Kd3 Rd8+ 46. Ke2 $2 {[%emt 0:00:08][%mdl 8192] [#]} (46. Kc2 $11 {and White is okay.}) 46... Ra8 $2 ({Better is} 46... f3+ $1 $19 47. Ke1 Rh8) 47. Kd3 Rd8+ $2 (47... f3 $11) 48. Ke2 $19 {[%emt 0:00:02] [#]} Ra8 $2 (48... f3+ $1 $19 49. Ke1 Rh8) 49. Kd3 {[%emt 0:00:14] Weighted Error Value: White=0.26 (precise) /Black=0.24 (precise)} 1/2-1/2